[Event "Titled Tuesday Blitz August 22 Early 2023"]
[White "Kochiev, Ivan"]
[Black "Kevlishvili, Robby"]
[WhiteFideId "2917890"]
[BlackFideId "1040634"]
[WhiteElo "2604"]
[BlackElo "2973"]
[Result "0-1"]
[Round "2"]
[TimeControl "180+1"]
[Date "2023.08.22"]
[WhiteClock "0:00:04"]
[BlackClock "0:00:22"]
[Board "20"]

1. e4 e5 2. Nf3 Nc6 3. Bc4 Bc5 4. c3 Nf6 5. d3 O-O 6. O-O h6 7. h3 d6 8. Re1 a5 9. Nbd2 Re8 10. Nf1 Bb6 11. Ng3 Ne7 12. Bb3 Ng6 13. d4 Bd7 14. a4 c6 15. Be3 Bc7 16. Qd2 exd4 17. Bxd4 Ne5 18. Qf4 Nd3 19. Bxf6 Nxf4 20. Bxd8 Raxd8 21. Rad1 g6 22. Bc2 Kg7 23. Re3 Bb6 24. Nd4 d5 25. Rf3 Ne6 26. Nxe6+ Bxe6 27. Re1 dxe4 28. Nxe4 f5 29. Ng3 Bd5 30. Rxe8 Rxe8 31. Rd3 Re1+ 32. Nf1 Re2 33. Rd2 Bxf2+ 34. Kh2 Rxd2 35. Nxd2 Be3 36. Nf1 Bc1 37. b3 Kf6 38. Kg1 Be4 39. Bd1 Ke5 40. Kf2 f4 41. g3 g5 42. gxf4+ Kxf4 43. Nh2 Bf5 44. Nf3 Bxh3 45. Nd4 Bg4 46. Bc2 Be3+ 47. Kg2 Bxd4 48. cxd4 Be6 49. Kf2 Bd5 50. Bd1 g4 51. Kg1 h5 52. Bc2 h4 53. Kf2 h3 54. Kg1 g3 55. Bd1 h2+ 56. Kf1 h1=Q+ 57. Ke2 Bf3+ 0-1


[Site "https://www.chess.com"]

[Event "Titled Tuesday Blitz August 22 Early 2023"]
[White "Paravyan, David"]
[Black "Aevengho"]
[WhiteFideId "4194985"]
[WhiteElo "2965"]
[BlackElo "2601"]
[Result "1-0"]
[Round "2"]
[TimeControl "180+1"]
[Date "2023.08.22"]
[WhiteClock "0:01:13"]
[BlackClock "0:00:05"]
[Board "21"]

1. Nf3 Nf6 2. c4 g6 3. Nc3 Bg7 4. e4 d6 5. d4 O-O 6. Be2 Nbd7 7. O-O e5 8. Be3 exd4 9. Nxd4 c6 10. Kh1 Re8 11. f3 d5 12. cxd5 cxd5 13. Ndb5 Ne5 14. Bc5 b6 15. Ba3 dxe4 16. Nd6 Re6 17. Ndxe4 Bb7 18. Nd6 Bc6 19. f4 Ned7 20. Bc4 Re7 21. Nxf7 Rxf7 22. Bxf7+ Kxf7 23. Qb3+ Nd5 24. Qc4 Nc5 25. Bxc5 bxc5 26. f5 Bxc3 27. fxg6+ Kg7 28. bxc3 hxg6 29. Qxc5 Rc8 30. Qd4+ Kg8 31. Rae1 Qb6 32. Qg4 Bb7 33. Re6 1-0


[Site "https://www.chess.com"]

[Event "Titled Tuesday Blitz August 22 Early 2023"]
[White "Rosen, Eric"]
[Black "Shimanov, Aleksandr"]
[WhiteFideId "2032562"]
[BlackFideId "4198603"]
[WhiteElo "2596"]
[BlackElo "2964"]
[Result "0-1"]
[Round "2"]
[TimeControl "180+1"]
[Date "2023.08.22"]
[WhiteClock "0:00:00"]
[BlackClock "0:00:16"]
[Board "22"]

1. d4 Nf6 2. Bf4 e6 3. e3 c5 4. Nf3 Nc6 5. Nc3 Be7 6. d5 exd5 7. Nxd5 Nxd5 8. Qxd5 Nb4 9. Qb3 d5 10. c3 Nc6 11. O-O-O O-O 12. Qxd5 Qa5 13. Bc4 Be6 14. Qe4 Bxc4 15. Qxc4 b5 16. Qe4 Rac8 17. Kb1 Rfe8 18. Rd7 b4 19. c4 b3 20. a3 Bf6 21. Qd5 Ne7 22. Qd3 Qa4 23. Rd1 h6 24. g4 Ng6 25. Bg3 Re6 26. h4 Ra6 27. Qd2 Qxc4 28. Rc1 Qe4+ 29. Qd3 Qe6 30. h5 Ne7 31. Rd6 Rxd6 32. Qxd6 Qe4+ 33. Ka1 Qxf3 34. Bf4 Qxg4 35. f3 Qe6 36. Qd3 c4 0-1


[Site "https://www.chess.com"]

[Event "Titled Tuesday Blitz August 22 Early 2023"]
[White "Tari, Aryan"]
[Black "Borgaonkar Akshay"]
[WhiteFideId "1510045"]
[BlackFideId "25639110"]
[WhiteElo "2955"]
[BlackElo "2596"]
[Result "1-0"]
[Round "2"]
[TimeControl "180+1"]
[Date "2023.08.22"]
[WhiteClock "0:00:12"]
[BlackClock "0:00:01"]
[Board "23"]

1. e4 c5 2. Nf3 a6 3. b4 cxb4 4. d4 e6 5. a3 bxa3 6. Nxa3 b5 7. Bd3 Bb7 8. O-O Nf6 9. Qe2 Bb4 10. Rb1 Be7 11. c4 b4 12. c5 bxa3 13. Rxb7 Qa5 14. Bd2 Qd8 15. Ra1 Nc6 16. Rxa3 O-O 17. h3 Rb8 18. Rxb8 Qxb8 19. Rxa6 Qb2 20. Rb6 Qa1+ 21. Rb1 Qa4 22. Be3 Ra8 23. Bb5 Qa3 24. Bxc6 dxc6 25. Ne5 Nxe4 26. Qf3 f5 27. Nxc6 Bf8 28. Ne5 Qa2 29. Rb7 Qd5 30. Rd7 Qb3 31. Qh5 f4 32. Qf7+ Kh8 33. Qxf4 Nc3 34. Rf7 Qd1+ 35. Kh2 Kg8 36. Nd7 Be7 37. Rxe7 Rf8 38. Qxf8# 1-0


[Site "https://www.chess.com"]

[Event "Titled Tuesday Blitz August 22 Early 2023"]
[White "Ahmad, Khagan"]
[Black "Terry, Renato"]
[WhiteFideId "13431552"]
[BlackFideId "3803457"]
[WhiteElo "2596"]
[BlackElo "2953"]
[Result "0-1"]
[Round "2"]
[TimeControl "180+1"]
[Date "2023.08.22"]
[WhiteClock "0:00:02"]
[BlackClock "0:00:09"]
[Board "24"]

1. Nf3 d5 2. d4 Nf6 3. g3 c6 4. Bg2 Bf5 5. O-O e6 6. c4 h6 7. Nc3 Nbd7 8. Nd2 Be7 9. e4 dxe4 10. Ndxe4 O-O 11. Nxf6+ Nxf6 12. Qb3 Qb6 13. Qxb6 axb6 14. Rd1 Rfd8 15. Be3 Bb4 16. h3 Rd7 17. g4 Bg6 18. Rdc1 Bd3 19. a3 Bf8 20. Bf1 Bxf1 21. Kxf1 Ra6 22. f3 Ne8 23. h4 g6 24. Kf2 Bg7 25. Ne2 Nd6 26. b3 b5 27. a4 bxc4 28. bxc4 Rd8 29. c5 Ne8 30. Rab1 Rd7 31. Rc4 Nf6 32. Nc3 Kf8 33. Rcb4 Ra7 34. Bf4 Ke8 35. Bb8 Ra8 36. Be5 Ra7 37. g5 hxg5 38. hxg5 Nh5 39. Bxg7 Nxg7 40. Ne4 Ke7 41. Nd6 Rxd6 42. cxd6+ Kxd6 43. Rxb7 Rxa4 44. Rxf7 Nf5 45. Rf6 Ra2+ 46. Kg1 Nxd4 47. Re1 c5 48. Re3 c4 49. Rf8 e5 50. Rd8+ Kc6 51. Rc8+ Kd5 52. Rd8+ Kc6 53. Rc8+ Kb5 54. Rb8+ Kc5 55. Rxe5+ Kd6 56. Re3 Rd2 57. Rd8+ Kc7 58. Rd5 Nxf3+ 59. Rxf3 Rxd5 60. Rc3 Rxg5+ 61. Kf2 Rc5 62. Ke3 Kc6 63. Kd4 Kd6 64. Rf3 c3 65. Rf6+ Ke7 66. Rf1 Rc8 67. Re1+ Kf7 68. Rf1+ Kg7 69. Rc1 c2 70. Kd3 g5 71. Kd2 Kg6 72. Kd3 g4 73. Kd2 Kg5 74. Ke3 Rc7 75. Kf2 Kf4 76. Kg2 Ke3 0-1


[Site "https://www.chess.com"]

[Event "Titled Tuesday Blitz August 22 Early 2023"]
[White "Kovalenko, Igor"]
[Black "Dobrikov, Marco"]
[WhiteFideId "14117908"]
[BlackFideId "12950378"]
[WhiteElo "2944"]
[BlackElo "2595"]
[Result "1-0"]
[Round "2"]
[TimeControl "180+1"]
[Date "2023.08.22"]
[WhiteClock "0:00:37"]
[BlackClock "0:00:00"]
[Board "25"]

1. c4 g6 2. g3 Bg7 3. Bg2 Nf6 4. Nc3 O-O 5. e3 c6 6. Nge2 d5 7. b3 e5 8. d4 exd4 9. Nxd4 dxc4 10. bxc4 Qa5 11. Bd2 Qc5 12. Qe2 Bg4 13. Nb3 Qd6 14. f3 Be6 15. Rc1 Na6 16. O-O Nb4 17. c5 Qd3 18. Nd4 Bc4 19. Qf2 Nxa2 20. Nxa2 Bxa2 21. Rc3 Qa6 22. Ra1 Nd7 23. Rc2 Nxc5 24. Raxa2 Na4 25. Bf1 b5 26. Rxc6 Qb7 27. Bxb5 Bxd4 28. Bxa4 Qb1+ 29. Bc1 Bb6 30. Kg2 Rac8 31. Rac2 Rxc6 32. Rxc6 Qa1 33. Bb3 Rd8 34. Qc2 Qe5 35. Rc8 Rxc8 36. Qxc8+ Kg7 37. Qc4 Qf6 38. f4 a5 39. h4 h5 40. e4 a4 41. Bxa4 Qe7 42. Bb3 Kg8 43. Qc6 Bd4 44. Qxg6+ Kf8 45. Qf5 Bf6 46. Qc8+ Kg7 47. e5 Bxe5 48. fxe5 Qxe5 49. Qc2 Kg8 50. Bf4 Qf6 51. Bd5 1-0


[Site "https://www.chess.com"]

[Event "Titled Tuesday Blitz August 22 Early 2023"]
[White "Bagrationi, Alexander"]
[Black "Donchenko, Alexander"]
[WhiteFideId "14104954"]
[BlackFideId "24603295"]
[WhiteElo "2593"]
[BlackElo "2942"]
[Result "0-1"]
[Round "2"]
[TimeControl "180+1"]
[Date "2023.08.22"]
[WhiteClock "0:00:00"]
[BlackClock "0:00:11"]
[Board "26"]

1. d4 Nf6 2. Nf3 d5 3. g3 Bf5 4. Bg2 h6 5. O-O e6 6. c3 c6 7. a4 Bd6 8. Bf4 Bxf4 9. gxf4 O-O 10. Ne5 Qc7 11. e3 c5 12. Nd2 Nc6 13. Nxc6 Qxc6 14. Nc4 cxd4 15. Ne5 Qb6 16. cxd4 Qxb2 17. Qc1 Qb6 18. a5 Qd6 19. Qb2 b6 20. Rfc1 Rac8 21. Bf1 Ne4 22. axb6 axb6 23. Rxc8 Rxc8 24. Ra6 Rb8 25. Bb5 f6 26. Nc6 Rb7 27. f3 Nc5 28. dxc5 Qxc5 29. Kf2 Rc7 30. Nd4 Kh7 31. Nxf5 exf5 32. Bd3 Kg6 33. Qxb6 Qc3 34. Be2 Re7 35. Qd4 Qc1 36. Rd6 Qh1 37. Rxd5 Qxh2+ 38. Ke1 Qg1+ 39. Kd2 Rc7 40. Rc5 Ra7 41. Qd3 Ra2+ 42. Rc2 Ra5 43. Qd8 Ra1 44. Qe8+ Kh7 45. Kd3 Ra3+ 46. Kd2 Ra1 47. Kd3 Qb1 48. Qc6 Qe1 49. Qc3 Qb1 50. Qc5 Qb3+ 51. Qc3 Qd5+ 52. Qd4 Qb5+ 53. Kd2 Qb1 54. Qc5 Kg6 55. e4 Qe1+ 56. Kd3 fxe4+ 57. fxe4 Ra3+ 58. Qxa3 Qg3+ 59. Kd4 Qxa3 60. Rd2 Qb4+ 61. Ke3 Qc5+ 62. Kf3 Qc3+ 63. Rd3 Qe1 64. f5+ Kg5 65. Ke3 Qg1+ 66. Kf3 h5 67. Rd1 Qg4+ 68. Ke3 Qg3+ 69. Bf3 Qf4+ 70. Ke2 Qh2+ 71. Ke3 h4 72. Rd2 Qf4+ 73. Ke2 h3 74. Rd1 Qh2+ 75. Ke3 Qg3 76. Rh1 h2 77. Rf1 Kh4 78. Ke2 Qd6 79. Bh1 Qd4 80. Kf3 Qd3+ 81. Kf4 Qxf1+ 82. Bf3 Qxf3+ 0-1


[Site "https://www.chess.com"]

[Event "Titled Tuesday Blitz August 22 Early 2023"]
[White "Esipenko, Andrey"]
[Black "Jia, Haoxiang"]
[WhiteFideId "24175439"]
[BlackFideId "8602999"]
[WhiteElo "2940"]
[BlackElo "2585"]
[Result "1-0"]
[Round "2"]
[TimeControl "180+1"]
[Date "2023.08.22"]
[WhiteClock "0:00:23"]
[BlackClock "0:00:00"]
[Board "27"]

1. Nf3 Nf6 2. b3 g6 3. Bb2 Bg7 4. c4 O-O 5. g3 c5 6. Bg2 Nc6 7. O-O b6 8. d4 cxd4 9. Nxd4 Bb7 10. Nc3 Qc8 11. Nc2 d6 12. Qd2 Ne5 13. e4 a6 14. Nd4 Rd8 15. Nd5 Bxd5 16. cxd5 Qb7 17. f4 Ned7 18. Nc6 Re8 19. e5 Ng4 20. e6 Nf8 21. f5 Bxb2 22. Qxb2 f6 23. fxg6 Nxg6 24. Qd2 Kh8 25. Rf5 Rg8 26. Be4 Rg7 27. Rh5 Rag8 28. Nd4 Nf8 29. Nf5 Rg5 30. Rxg5 Rxg5 31. Rc1 b5 32. Qd4 Ne5 33. Kg2 Rg4 34. h3 Rg5 35. Kf2 b4 36. g4 h5 37. Kg3 hxg4 38. h4 Rg8 39. Qe3 Rg6 40. Qf4 Qa7 41. Kg2 Qb7 42. Rc2 g3 43. h5 Rg4 44. Qh6+ Kg8 45. Rc8 1-0


[Site "https://www.chess.com"]

[Event "Titled Tuesday Blitz August 22 Early 2023"]
[White "Kazmin_Semyon"]
[Black "Kozak, Adam"]
[BlackFideId "753246"]
[WhiteElo "2585"]
[BlackElo "2934"]
[Result "0-1"]
[Round "2"]
[TimeControl "180+1"]
[Date "2023.08.22"]
[WhiteClock "0:00:35"]
[BlackClock "0:02:33"]
[Board "28"]

1. Nf3 c5 2. e4 a6 3. Nc3 b5 4. d4 cxd4 5. Nxd4 g6 6. Be3 Bg7 7. Bd3 Bb7 8. O-O Nc6 9. Nce2 d6 10. f4 Nf6 11. h3 O-O 12. c3 Nxd4 13. Bxd4 Bxe4 14. Bxf6 Bxd3 15. Bxg7 Bxe2 16. Qxe2 Kxg7 17. f5 Qd7 18. Rae1 Rae8 19. Qg4 f6 20. Qg3 Rc8 21. b3 Rc5 22. fxg6 hxg6 23. Re3 Rfc8 24. Qf3 Re5 25. Rd3 Qc6 26. Qg3 Qe4 27. Rff3 Qe1+ 28. Qxe1 Rxe1+ 29. Kf2 Rc1 30. Rfe3 Kf7 31. Kf3 Rc2 32. a4 bxa4 33. bxa4 Rc4 34. Rd4 R2xc3 0-1


[Site "https://www.chess.com"]

[Event "Titled Tuesday Blitz August 22 Early 2023"]
[White "Kramnik, Vladimir"]
[Black "Ribeiro, Matheus Mendes Domingues"]
[WhiteFideId "4101588"]
[BlackFideId "324226923"]
[WhiteElo "2928"]
[BlackElo "2583"]
[Result "1-0"]
[Round "2"]
[TimeControl "180+1"]
[Date "2023.08.22"]
[WhiteClock "0:00:25"]
[BlackClock "0:00:01"]
[Board "29"]

1. c4 e6 2. Nc3 d5 3. d4 Nf6 4. cxd5 exd5 5. Bg5 Be6 6. e3 c6 7. Bd3 Nbd7 8. h3 h6 9. Bf4 Qb6 10. Qc2 Be7 11. Nf3 O-O 12. O-O c5 13. dxc5 Nxc5 14. Rfd1 Rac8 15. Qe2 Nce4 16. Rac1 Nxc3 17. bxc3 Bd6 18. Bxd6 Qxd6 19. Nd4 a6 20. Qb2 b5 21. Qb4 Qxb4 22. cxb4 Rxc1 23. Rxc1 Rc8 24. Rxc8+ Bxc8 25. f3 Kf8 26. Kf2 Ke7 27. g4 Kd6 28. h4 g6 29. g5 hxg5 30. hxg5 Nd7 31. f4 Nb6 32. Ke2 Nc4 33. Bxc4 dxc4 34. e4 Bd7 35. Ke3 Bc8 36. Ne2 Bd7 37. Nc3 Bc6 38. Kd4 Bb7 39. a4 Bc6 40. axb5 axb5 41. f5 gxf5 42. exf5 Bd7 43. Ne4+ Kc6 44. Ke5 Be8 45. Nc3 Bd7 46. Kf6 Kd6 47. g6 fxg6 48. fxg6 Be6 49. Nxb5+ Kd5 50. Nc7+ Kd4 51. Nxe6+ 1-0


[Site "https://www.chess.com"]

[Event "Titled Tuesday Blitz August 22 Early 2023"]
[White "Demchenko, Anton"]
[Black "Ganiev, Roman"]
[WhiteFideId "4160258"]
[BlackFideId "4131452"]
[WhiteElo "2923"]
[BlackElo "2578"]
[Result "1-0"]
[Round "2"]
[TimeControl "180+1"]
[Date "2023.08.22"]
[WhiteClock "0:00:07"]
[BlackClock "0:00:02"]
[Board "31"]

1. e4 c5 2. Nf3 d6 3. d4 cxd4 4. Nxd4 Nf6 5. Nc3 a6 6. Be2 e5 7. Nb3 Be7 8. O-O O-O 9. Be3 Be6 10. Bf3 Nbd7 11. a4 Rc8 12. Re1 Nb6 13. Nd2 Nc4 14. Nxc4 Bxc4 15. a5 Rc6 16. Bb6 Qc8 17. h3 Bd8 18. Be3 Be6 19. Qd2 h6 20. Rec1 b5 21. axb6 Bxb6 22. Bxb6 Rxb6 23. b3 Rd8 24. Ra5 Rc6 25. Nd5 Bxd5 26. exd5 Rc5 27. Rca1 Rxc2 28. Qe3 Rc3 29. Qb6 Rc1+ 30. Kh2 Rxa1 31. Rxa1 e4 32. Be2 Nxd5 33. Qd4 Qe6 34. Bc4 Qf6 35. Qxf6 Nxf6 36. Rxa6 d5 37. Be2 Rb8 38. Ra3 d4 39. Bc4 Rb7 40. Kg3 g5 41. Ra8+ Kg7 42. Ra1 Nh5+ 43. Kh2 Nf4 44. g3 Ne6 45. Rd1 d3 46. f3 exf3 47. Rxd3 f2 48. Kg2 Nc5 49. Re3 f5 50. Kxf2 Ne4+ 51. Ke1 Kf6 52. g4 Ke5 53. gxf5 Kd4 54. Rd3+ Ke5 55. Rd5+ Kf4 56. Ra5 Re7 57. Kd1 Nf6 58. Be6 Ne4 59. b4 Rb7 60. f6 Nxf6 61. Rf5+ Kg3 62. Rxf6 Rxb4 63. Rxh6 Rh4 64. Rg6 Kf4 65. Bg4 Rh7 66. Ke2 Rc7 67. Kf1 Ra7 68. Re6 Ra1+ 69. Re1 Ra2 70. Re2 Ra1+ 71. Kf2 Ra3 72. Rb2 Ra4 73. Rc2 Ra3 74. Kg2 Ke5 75. Rf2 Ra2 76. Rxa2 1-0


[Site "https://www.chess.com"]

[Event "Titled Tuesday Blitz August 22 Early 2023"]
[White "Zhigalko, Sergei"]
[Black "Golubev, Mikhail"]
[WhiteFideId "13502956"]
[BlackFideId "14100983"]
[WhiteElo "2923"]
[BlackElo "2577"]
[Result "1-0"]
[Round "2"]
[TimeControl "180+1"]
[Date "2023.08.22"]
[WhiteClock "0:00:20"]
[BlackClock "0:00:00"]
[Board "32"]

1. e4 c5 2. Nf3 g6 3. c3 d5 4. exd5 Qxd5 5. d4 Bg7 6. Na3 cxd4 7. Bc4 Qe4+ 8. Be3 Nh6 9. Nb5 O-O 10. cxd4 Ng4 11. Qe2 Nxe3 12. fxe3 Nc6 13. O-O Bg4 14. Nc3 Qf5 15. h3 Bxf3 16. Rxf3 Qd7 17. Raf1 e6 18. Ne4 Qe7 19. Qf2 Rad8 20. Kh1 a6 21. a3 b5 22. Ba2 h6 23. Nc5 Ra8 24. Bb1 b4 25. Be4 Rac8 26. a4 b3 27. Nxa6 e5 28. d5 Nb4 29. d6 Qxd6 30. Nxb4 Qxb4 31. Bd5 Kh7 32. Bxf7 e4 33. Rg3 g5 34. h4 Kh8 35. hxg5 Qd6 36. Rh3 Rc7 37. g6 Re7 38. Qh4 Qe5 39. Qxh6+ 1-0


[Site "https://www.chess.com"]

[Event "Titled Tuesday Blitz August 22 Early 2023"]
[White "Garakov, Mikhael"]
[Black "Sjugirov, Sanan"]
[WhiteFideId "4169034"]
[BlackFideId "4189302"]
[WhiteElo "2573"]
[BlackElo "2916"]
[Result "0-1"]
[Round "2"]
[TimeControl "180+1"]
[Date "2023.08.22"]
[WhiteClock "0:00:01"]
[BlackClock "0:00:07"]
[Board "33"]

1. e4 c5 2. Nf3 e6 3. c4 Nc6 4. Nc3 Nd4 5. Be2 Ne7 6. O-O Nec6 7. d3 Be7 8. Be3 O-O 9. Nd2 d6 10. f4 f5 11. Kh1 Bd7 12. a3 a6 13. Rb1 b5 14. b4 Rb8 15. bxc5 dxc5 16. cxb5 axb5 17. a4 bxa4 18. Rxb8 Qxb8 19. Qxa4 Qb4 20. Bxd4 cxd4 21. Qxb4 Bxb4 22. Ncb1 Ra8 23. Nc4 fxe4 24. dxe4 Ra2 25. Bf3 Na5 26. Nxa5 Bxa5 27. e5 Bb5 28. Rc1 d3 29. f5 d2 30. Rc8+ Kf7 31. fxe6+ Kxe6 32. Bg4+ Ke7 33. h4 Ra1 34. Kh2 Rxb1 35. Rc5 Bb6 36. Rd5 Bc7 37. Bf3 Bc6 38. Rxd2 Bxe5+ 39. Kh3 Bd7+ 40. g4 Rb3 41. Kg2 Bxg4 42. Bxg4 Rg3+ 43. Kh1 Rxg4 44. h5 Rh4+ 45. Kg2 Rh2+ 0-1


[Site "https://www.chess.com"]

[Event "Titled Tuesday Blitz August 22 Early 2023"]
[White "Henriquez Villagra, Cristobal"]
[Black "Zheng, Richard"]
[WhiteFideId "3409350"]
[BlackFideId "2624893"]
[WhiteElo "2913"]
[BlackElo "2572"]
[Result "1-0"]
[Round "2"]
[TimeControl "180+1"]
[Date "2023.08.22"]
[WhiteClock "0:00:12"]
[BlackClock "0:00:02"]
[Board "34"]

1. g3 d5 2. Bg2 Nf6 3. d3 c6 4. f4 g6 5. Nf3 Bg7 6. c3 O-O 7. O-O Qb6+ 8. e3 Bg4 9. h3 Bxf3 10. Qxf3 Nbd7 11. Qe2 e5 12. f5 Rae8 13. g4 gxf5 14. Rxf5 d4 15. cxd4 exd4 16. e4 Nd5 17. Na3 Ne3 18. Bxe3 dxe3 19. Nc4 Qd4 20. Rd1 Nb6 21. Nxe3 Qxb2 22. Rd2 Qa1+ 23. Rf1 Qd4 24. Kh1 Nd7 25. Nf5 Qf6 26. d4 Qg5 27. h4 Qg6 28. g5 f6 29. h5 Qxg5 30. Bh3 Rf7 31. Rg1 Qf4 32. Rg4 Qc7 33. h6 Nf8 34. hxg7 Ng6 35. Qf3 c5 36. Nh6+ Kxg7 37. Nxf7 Kxf7 38. Rg1 Rd8 39. d5 Qe5 40. Bf5 Re8 41. Rh2 Kg7 42. Rxh7+ Kxh7 43. Rxg6 1-0


[Site "https://www.chess.com"]

[Event "Titled Tuesday Blitz August 22 Early 2023"]
[White "Megalios, Konstantinos"]
[Black "Chigaev, Maksim"]
[WhiteFideId "4238044"]
[BlackFideId "4108116"]
[WhiteElo "2570"]
[BlackElo "2909"]
[Result "0-1"]
[Round "2"]
[TimeControl "180+1"]
[Date "2023.08.22"]
[WhiteClock "0:00:02"]
[BlackClock "0:00:40"]
[Board "35"]

1. d4 Nf6 2. c4 g6 3. Nc3 Bg7 4. e4 d6 5. Nf3 O-O 6. Be2 e5 7. d5 a5 8. Bg5 h6 9. Bh4 Na6 10. Nd2 Qe8 11. O-O Bd7 12. b3 Nh7 13. a3 h5 14. f3 Bh6 15. Rb1 Be3+ 16. Kh1 Bc5 17. Qc1 Kh8 18. Na2 Be3 19. Qc3 Bd4 20. Qc2 f5 21. exf5 Bxf5 22. Ne4 Nc5 23. b4 axb4 24. axb4 Qa4 25. Qxa4 Nxa4 26. Rb3 g5 27. Be1 Bxe4 28. fxe4 Nc5 29. bxc5 Rxa2 30. Rxf8+ Nxf8 31. Bd3 Bxc5 32. Rxb7 Ng6 33. g3 Ra3 34. Bf1 Ra1 0-1


[Site "https://www.chess.com"]

[Event "Titled Tuesday Blitz August 22 Early 2023"]
[White "Eljanov, Pavel"]
[Black "Ismagilov, Damir"]
[WhiteFideId "14102951"]
[BlackFideId "34199982"]
[WhiteElo "2909"]
[BlackElo "2569"]
[Result "1-0"]
[Round "2"]
[TimeControl "180+1"]
[Date "2023.08.22"]
[WhiteClock "0:00:08"]
[BlackClock "0:00:00"]
[Board "36"]

1. d4 Nf6 2. c4 e6 3. Nc3 Bb4 4. e3 O-O 5. Bd3 d5 6. a3 dxc4 7. Bxc4 Be7 8. Nf3 c5 9. O-O a6 10. dxc5 Qxd1 11. Rxd1 Bxc5 12. Be2 Nc6 13. Bd2 Be7 14. Na4 b5 15. Nb6 Rb8 16. Nxc8 Rfxc8 17. Rac1 Nd5 18. Rc2 Na7 19. Rdc1 Rxc2 20. Rxc2 Rc8 21. Rxc8+ Nxc8 22. Ne5 Bf6 23. Nd3 Nd6 24. Bc1 Nc4 25. Kf1 Kf8 26. b3 Na5 27. Nc5 Be7 28. Nxa6 Nxb3 29. Bb2 b4 30. a4 Nc3 31. Bb5 Na5 32. Ke1 Nxb5 33. axb5 Nc4 34. Bd4 e5 35. Bc5 b3 36. Kd1 Ke8 37. Bxe7 Kxe7 38. Nc5 b2 39. Kc2 Na3+ 40. Kxb2 Nxb5 41. Kc2 Nd6 42. Kd3 f5 43. h3 g5 44. g4 Kf6 45. Nd7+ Ke6 46. Nf8+ Kf6 47. Nxh7+ Kg6 48. Nf8+ Kf6 49. Nd7+ Ke6 50. Nc5+ Kd5 51. Na4 fxg4 52. Nc3+ Ke6 53. hxg4 Nf7 54. Ne4 Kd5 55. f3 Ke6 56. Kc4 Ke7 57. Kc5 Ke6 58. Kc6 Ke7 59. Kd5 Kd7 60. Nc5+ Ke7 61. Nd3 Kf6 62. Nf2 Ke7 63. Ne4 Kd7 64. Nf2 Ke7 65. Nd1 Kd7 66. Nb2 Ke7 67. Nc4 Kf6 68. Nd6 Nd8 69. Ne4+ Kg6 70. Kxe5 Nc6+ 71. Kd5 Nb4+ 72. Kd4 Nc2+ 73. Kd3 Ne1+ 74. Ke2 Nc2 75. Nc5 Nb4 76. Nb3 Nd5 77. Nd4 Kf6 78. Kf2 Ke5 79. Ne2 Nf6 80. Kg3 Ke6 81. f4 gxf4+ 82. exf4 Kf7 83. g5 Nd5 84. Kg4 Ne3+ 85. Kf3 Nf5 86. Ng3 Nd4+ 87. Kg4 Ne6 88. f5 Ng7 89. Nh5 Ne8 90. g6+ Kg8 91. Kg5 Nd6 92. Nf6+ Kg7 93. Nh5+ Kg8 94. f6 Ne4+ 95. Kh6 Nd6 96. Ng3 Kf8 97. Kh7 Nf7 98. g7+ Ke8 99. g8=Q+ 1-0


[Site "https://www.chess.com"]

[Event "Titled Tuesday Blitz August 22 Early 2023"]
[White "Yurovskykh, Oleksandr"]
[Black "Pichot, Alan"]
[WhiteFideId "14134020"]
[BlackFideId "110973"]
[WhiteElo "2569"]
[BlackElo "2905"]
[Result "1/2-1/2"]
[Round "2"]
[TimeControl "180+1"]
[Date "2023.08.22"]
[WhiteClock "0:00:17"]
[BlackClock "0:00:05"]
[Board "37"]

1. d4 Nf6 2. Nf3 d5 3. c3 c6 4. Bf4 Bf5 5. e3 e6 6. Bd3 Bg6 7. Ne5 Bd6 8. O-O Qc7 9. Bg3 Nbd7 10. Nxd7 Qxd7 11. Bxd6 Qxd6 12. Qc2 O-O 13. Bxg6 hxg6 14. Nd2 e5 15. dxe5 Qxe5 16. Nf3 Qe7 17. Rfd1 Rfd8 18. Rd4 c5 19. Rd3 Rd6 20. Rad1 Rad8 21. c4 Qe4 22. Qc1 b6 23. h3 Qe6 24. cxd5 Rxd5 25. Rxd5 Rxd5 26. a3 Ne4 27. Rxd5 Qxd5 28. Qc2 b5 29. Kf1 a5 30. Ke2 c4 31. Nd2 Nc5 32. Qc3 Qxg2 33. Qxa5 Qxh3 34. Qxb5 Qg4+ 35. Kf1 Nd3 36. Nxc4 g5 37. Qe8+ Kh7 38. Qxf7 Qd1+ 39. Kg2 Qg4+ 40. Kf1 Qd1+ 41. Kg2 Qg4+ 42. Kf1 1/2-1/2


[Site "https://www.chess.com"]

[Event "Titled Tuesday Blitz August 22 Early 2023"]
[White "Kovalev, Vladislav"]
[Black "Wartiovaara, Oliver"]
[WhiteFideId "13504398"]
[BlackFideId "513024"]
[WhiteElo "2901"]
[BlackElo "2567"]
[Result "1-0"]
[Round "2"]
[TimeControl "180+1"]
[Date "2023.08.22"]
[WhiteClock "0:00:57"]
[BlackClock "0:00:59"]
[Board "38"]

1. e4 c5 2. Nf3 d6 3. Bb5+ Nd7 4. O-O a6 5. Bd3 Ngf6 6. c3 b5 7. a4 Bb7 8. axb5 axb5 9. Rxa8 Qxa8 10. Bxb5 Bxe4 11. d4 Bxb1 12. dxc5 e6 13. c6 Nb6 14. Be3 Nbd5 15. Qxb1 Nxe3 16. fxe3 Nd5 17. Qa1 Qxa1 18. Rxa1 Nc7 19. Bd3 d5 20. b4 Bd6 21. Ra7 Ke7 22. Nd4 Ra8 23. Rb7 Kd8 24. b5 e5 25. Nf5 Bc5 26. b6 Ne6 27. Rd7+ Ke8 28. b7 Ra1+ 29. Kf2 Ra2+ 30. Ke1 1-0


[Site "https://www.chess.com"]

[Event "Titled Tuesday Blitz August 22 Early 2023"]
[White "Goltseva, Ekaterina"]
[Black "Tahbaz, Arash"]
[WhiteFideId "24173770"]
[BlackFideId "12528846"]
[WhiteElo "2566"]
[BlackElo "2898"]
[Result "0-1"]
[Round "2"]
[TimeControl "180+1"]
[Date "2023.08.22"]
[WhiteClock "0:00:05"]
[BlackClock "0:01:04"]
[Board "39"]

1. d4 Nf6 2. c4 e6 3. Nc3 d5 4. Nf3 Be7 5. Bg5 h6 6. Bh4 O-O 7. e3 Nbd7 8. Rc1 dxc4 9. Bxc4 a6 10. Bd3 c5 11. O-O cxd4 12. exd4 b5 13. Ne4 Bb7 14. Nc5 Bd5 15. b4 Bxa2 16. Ra1 Bc4 17. Rxa6 Rxa6 18. Nxa6 Nd5 19. Bxe7 Qxe7 20. Bxc4 bxc4 21. b5 Rc8 22. Qa4 c3 23. Rc1 N7b6 24. Qb3 Rc4 25. Ne5 Rxd4 26. Nc6 Qg5 27. Re1 Rd2 28. Nc5 Nf4 29. g3 Qxc5 30. gxf4 Qxf2+ 31. Kh1 Qg2# 0-1


[Site "https://www.chess.com"]

[Event "Titled Tuesday Blitz August 22 Early 2023"]
[White "Shukhman, Anna"]
[Black "Rasulov, Vugar"]
[WhiteFideId "54180058"]
[BlackFideId "13402390"]
[WhiteElo "2565"]
[BlackElo "2885"]
[Result "0-1"]
[Round "2"]
[TimeControl "180+1"]
[Date "2023.08.22"]
[WhiteClock "0:02:40"]
[BlackClock "0:02:07"]
[Board "40"]

1. e4 c5 2. Nf3 d6 3. d4 cxd4 4. Nxd4 Nf6 5. Nc3 a6 6. Qd3 g6 7. Bg5 Bg7 8. O-O-O O-O 9. f4 Nbd7 10. h4 Nc5 11. Qe3 Ng4 12. Qg1 h6 13. Be2 hxg5 14. hxg5 Qa5 15. Bxg4 Bxg4 16. Qh2 Rfc8 17. Nd5 Qxa2 18. Nxe7+ Kf8 19. Nxc8 Rxc8 20. f5 Bxd4 21. Qxd6+ Kg8 22. Rxd4 Nb3# 0-1


[Site "https://www.chess.com"]

[Event "Titled Tuesday Blitz August 22 Early 2023"]
[White "Ibadov, Dashgyn"]
[Black "Jones, Gawain C B"]
[WhiteFideId "24107514"]
[BlackFideId "409561"]
[WhiteElo "2564"]
[BlackElo "2878"]
[Result "1-0"]
[Round "2"]
[TimeControl "180+1"]
[Date "2023.08.22"]
[WhiteClock "0:00:15"]
[BlackClock "0:00:01"]
[Board "41"]

1. e4 e5 2. Nf3 Nc6 3. d4 exd4 4. Nxd4 Nf6 5. Nxc6 bxc6 6. e5 Qe7 7. Qe2 Nd5 8. c4 Ba6 9. b3 g6 10. g3 Bg7 11. Bb2 O-O 12. Bg2 Rae8 13. O-O Bxe5 14. Qxe5 Qxe5 15. Bxe5 Rxe5 16. cxd5 Bxf1 17. Kxf1 cxd5 18. Nc3 c6 19. Rd1 Rb8 20. Na4 Kf8 21. Nc5 Re7 22. Nd3 Ke8 23. b4 Kd8 24. a3 Kc7 25. Rc1 Kd6 26. Rc5 Rbe8 27. Bf3 f5 28. Ra5 Ra8 29. Nc5 Ke5 30. Ke2 d6 31. Nd3+ Kd4+ 32. Kd2 g5 33. Ra6 Rc8 34. b5 cxb5 35. Rxd6 Rce8 36. Rxd5+ Kc4 37. Rxf5 Rd8 38. Rc5+ Kb3 39. Rc3+ Ka4 40. Kc2 Ka5 41. Nb4 Rde8 42. Nc6+ Ka4 43. Nxe7 Rxe7 44. Bd1 Rf7 45. Kb2+ Ka5 46. f3 Rd7 47. Bc2 Rd2 48. Rc5 h6 49. h4 gxh4 50. gxh4 Rf2 51. Rf5 a6 52. Kc3 Kb6 53. Be4 Ka5 54. Rf6 h5 55. Rh6 Re2 56. Bb7 Re3+ 57. Kd4 Rxa3 58. Rxa6+ Kb4 59. Rxa3 Kxa3 60. f4 b4 61. Bd5 Ka4 62. f5 1-0


[Site "https://www.chess.com"]